 Dungeon Crawl Stone Soup version 0.18.1-50-g88ac8fd (webtiles) character file.

66547 Amnesiac the Grand Gadgeteer (level 15, -3/105 HPs)
             Began as a Merfolk Fighter on Mar 10, 2018.
             Was the Champion of Pakellas.
             Killed from afar by a deep elf annihilator (80 damage)
             ... with a crystal spear
             ... on level 3 of the Elven Halls.
             The game lasted 00:54:00 (20741 turns).

Amnesiac the Grand Gadgeteer (Merfolk Fighter)     Turns: 20741, Time: 00:54:01

Health: -3/105     AC: 12    Str: 24    XL:     15   Next: 20%
Magic:  14/37      EV: 22    Int:  8    God:    Pakellas [******]
Gold:   597        SH: 14    Dex: 14    Spells: 1 memorised, 13 levels left

rFire  . . .     SeeInvis .     t - +5 quick blade (venom)
rCold  . . .     Gourm    .     x - +0 ring mail {MR+}
rNeg   . . .     Faith    .     c - +1 shield
rPois  .         Spirit   .     y - +0 helmet
rElec  .         Dismiss  .     P - +0 cloak
rCorr  .         Reflect  .     N - +2 pair of gloves "Qeibid" {Slay+5}
SustAt .         Harm     .     M - +0 pair of boots
MR     ++...     Clarity  +     (no amulet)
Stlth  +.........               L - +4 ring of evasion
                                O - ring of magical power

@: very resistant to hostile enchantments, very unstealthy
A: change form in water, swift swim, claws 1, clarity, sense surroundings 1,
strong 1
a: Quick Charge, Device Surge, Supercharge, Renounce Religion


You were on level 3 of the Elven Halls.
You worshipped Pakellas.
Pakellas was exalted by your worship.
You were hungry.

You visited 4 branches of the dungeon, and saw 15 of its levels.
You also visited: Sewer and Ossuary.

You collected 1538 gold pieces.
You spent 941 gold pieces at shops.

Inventory:

Hand Weapons
 t - a +5 quick blade of venom (weapon)
 U - a +0 blowgun
Missiles
 G - 35 poisoned needles
 S - 2 throwing nets (quivered)
Armour
 c - a +1 shield (worn)
 x - a +0 ring mail of magic resistance (worn)
 y - a +0 helmet (worn)
 M - a +0 pair of boots (worn)
 N - the +2 pair of gloves "Qeibid" (worn) {Slay+5}
   (You bought it in a shop on level 2 of the Orcish Mines)

   It affects your accuracy and damage with ranged weapons and melee attacks
   (+5).
 P - a +0 cloak (worn)
Rods
 b - a +9 rod of inaccuracy (10/10)
   (Pakellas gifted it to you on level 8 of the Dungeon)
Jewellery
 e - an uncursed ring of fire
 v - an uncursed ring of ice
 E - an uncursed ring of resist corrosion
 L - a +4 ring of evasion (right hand)
 O - a ring of magical power (left hand)
Wands
 n - a wand of disintegration (8/24)
 p - a wand of enslavement (19/24)
 A - a wand of acid (7/15)
 C - a wand of paralysis (15/24)
 X - a wand of lightning (11/15)
 Z - a wand of iceblast (14/15)
Scrolls
 i - 2 scrolls of identify {!r}
 m - 5 scrolls of teleportation {!r}
 w - 3 scrolls of amnesia {!r}
 D - 6 scrolls of remove curse {!r}
 F - 6 scrolls of fog {!r}
 H - 6 scrolls of magic mapping {!r}
 R - 2 scrolls of enchant armour {!r}
 W - a scroll of silence {!r}
Potions
 d - 4 potions of might {!q}
 h - 2 potions of haste {!q}
 k - a potion of mutation {!q}
 l - 2 potions of resistance {!q}
 s - a potion of brilliance {!q}
 u - 2 potions of agility {!q}
 z - a potion of cancellation {!q}
Books
 g - a book of Spatial Translocations

   Spells                             Type                      Level
   a - Apportation                    Translocation                1
   b - Blink                          Translocation                2
   c - Shroud of Golubria             Charms/Translocation         2
   d - Portal Projectile              Translocation                3
   e - Teleport Other                 Translocation                3
   f - Passage of Golubria            Translocation                4
Miscellaneous
 I - a sack of spiders {used: 5}
 K - a box of beasts {used: 6}
 V - an ornate deck of wonders {the Mercenary}
 Y - a lamp of fire (inert)
Comestibles
 f - 14 bread rations
 j - 6 meat rations


   Skills:
 - Level 6.0 Fighting
 - Level 10.5 Short Blades
 - Level 3.0 Armour
 - Level 13.0 Dodging
 - Level 11.0 Shields
 + Level 18.4 Evocations


You had 13 spell levels left.
You knew the following spells:

 Your Spells              Type           Power        Failure   Level  Hunger
a - Summon Butterflies    Summ           #.......     91%         1    ##.....


Dungeon Overview and Level Annotations

Branches:
Dungeon (9/15)             Temple (1/1) D:6            Lair (0/8) D:8
    Orc (2/2) D:9             Elf (3/3) Orc:2

Altars:
Ashenzari
Cheibriados
Dithmenos
Elyvilon
Fedhas
Gozag
Kikubaaqudgha
Makhleb
Nemelex Xobeh
Okawaru
Pakellas
Qazlal
Ru
Sif Muna
Trog
Vehumet
Xom
Yredelemnul
Zin
The Shining One
Beogh

Shops:
D:5 ?   Orc:1 [   Orc:2 (}([   Elf:1 }

Annotations:
D:5 Amnesiac's ghost, amateur MfFi


Innate Abilities, Weirdness & Mutations

You revert to your normal form in water.
You are very nimble and swift while swimming.
You have sharp fingernails.
You possess an exceptional clarity of mind.
You passively map a small area around you.
Your muscles are strong. (Str +2)


Message History

You puncture the deep elf mage!
The deep elf mage is heavily wounded.
You block the deep elf mage's attack.
The deep elf mage mumbles some strange words.
The deep elf mage conjures a globe of magical energy!
A battlesphere comes into view.
You barely miss the deep elf mage.
The deep elf mage is severely wounded.
You hit the deep elf mage but do no damage.
The deep elf mage is severely wounded.
You puncture the deep elf mage!
The deep elf mage is almost dead.
The deep elf mage casts a spell at you.
The bolt of lightning misses you. x2; You block the deep elf mage's attack.
You hit the deep elf mage.
You kill the deep elf mage!
Pakellas accepts your kill.
You feel your power returning.
The battlesphere dissipates.
You completely miss the deep elf mage.
The deep elf mage casts a spell.
The deep elf mage blinks!
You puncture the deep elf mage!
The deep elf mage is moderately wounded.
You closely miss the deep elf mage.
The deep elf mage is moderately wounded.
You puncture the deep elf mage!
The deep elf mage is poisoned.
The deep elf mage is heavily wounded.
The deep elf archer unwields an uncursed short sword.
The deep elf archer wields a shortbow.
The deep elf archer shoots an arrow.
You block the arrow.
The deep elf mage mumbles some strange words.
The deep elf mage blinks!
You closely miss the deep elf mage.
The deep elf mage is heavily wounded.
The deep elf mage points at you and mumbles some strange words.
The bolt of lightning hits you!
You puncture the deep elf mage!
The deep elf mage looks even sicker.
The deep elf mage is almost dead.
A deep elf annihilator comes into view. It is wielding a short sword.
You puncture the deep elf mage!
You kill the deep elf mage!
Pakellas accepts your kill.
The deep elf mage gestures wildly while chanting.
The deep elf mage blinks!
The deep elf annihilator hits you with a short sword!
Things that are here:
a dagger; a leather armour You puncture the deep elf annihilator!
The deep elf annihilator is poisoned.
The deep elf annihilator is lightly wounded.
You puncture the deep elf annihilator!
The deep elf annihilator is moderately wounded.
The deep elf annihilator hits you with a short sword.
You puncture the deep elf annihilator!
The deep elf annihilator is heavily wounded.
You hit the deep elf annihilator.
The deep elf annihilator is heavily wounded.
You hit the deep elf annihilator but do no damage.
The deep elf annihilator is heavily wounded.
The deep elf archer shoots an arrow.
You block the arrow.
The deep elf annihilator casts a spell at you.
The crystal spear hits you!
Ouch! That really hurt!
You die...
Pakellas says: Time to find a new assistant...

##'## #.# ,
*######.## #.# * ,
........<# #.#
...####..# #.#
.#.#.#...## #.#
.#........* #.#
.$e......########.#
........()e.....).#
.......@#.#########
,......e###e#
*........#.##
#....$.e ##
##.....,* * ##...#
** * ##.# , * ##* *
, ,


You could see a deep elf annihilator, a deep elf archer and a deep elf mage.

Vanquished Creatures
  Gastronok (D:8)
  A deep elf sorcerer (Elf:1)
  An orc warlord (Orc:2)
  A deep elf demonologist (Elf:1)
  Snorg (Orc:1)
  Erolcha (D:8)
  12 dancing weapons
  3 orc high priests
  15 deep elf knights
  10 deep elf archers
  Pikel (D:4)
  3 orc sorcerers
  2 orc knights (Orc:2)
  2 cyclopes
  40 deep elf magi
  2 trolls
  Sigmund (D:6)
  2 air elementals (Elf:2)
  2 water elementals
  6 yaks (D:9)
  3 fire elementals (Elf:1)
  Grum (D:8)
  A wraith (Ossuary)
  2 hippogriffs (D:9)
  5 wargs
  The ghost of Amnesiac the Cutter, an amateur DEFi (Sewer)
  Duvessa (D:4)
  2 ice beasts
  A wasp (D:7)
  24 orc warriors
  2 sky beasts (D:7)
  2 slaves (D:4)
  A black bear (D:7)
  A necrophage (D:5)
  8 ogres
  2 phantoms
  4 wolves (D:8)
  2 centaurs
  A gnoll sergeant (D:7)
  4 big kobolds
  3 giant frogs
  Dowan (D:4)
  4 scorpions
  8 killer bees (D:7)
  6 howler monkeys
  3 crimson imps
  A centaur zombie (D:7)
  2 giant frog zombies
  16 orc priests
  A gnoll shaman (D:6)
  6 hounds
  22 orc wizards
  3 giant frog skeletons
  Crazy Yiuf (D:2)
  Jessica (D:2)
  3 iguanas
  5 worker ants
  A killer bee zombie (D:7)
  A big kobold zombie (Ossuary)
  A hound zombie (D:6)
  3 mummies (Ossuary)
  Robin (D:4)
  20 adders
  7 gnolls
  5 river rats
  2 oozes (Sewer)
  13 worms
  4 giant geckos
  88 orcs
  11 giant cockroaches
  A gnoll zombie (Ossuary)
  13 goblins
  13 hobgoblins
  17 jackals
  18 kobolds
  2 quokkas
  6 ball pythons
  20 bats
  A giant gecko skeleton (D:4)
  4 giant newts
  3 goblin zombies (Ossuary)
  3 hobgoblin zombies (Ossuary)
  A kobold zombie (Ossuary)
  2 quokka skeletons
  16 rats
  A fungus (D:8)
539 creatures vanquished.

Vanquished Creatures (collateral kills)
  A deep elf blademaster (Elf:2)
  11 dancing weapons
  2 deep elf archers
  An orb spider (shapeshifter) (Elf:1)
  10 deep elf magi (Elf:1)
  A yak (shapeshifter) (Elf:1)
  A fire elemental (Elf:2)
27 creatures vanquished.

Vanquished Creatures (others)
  10 fungi (D:8)
10 creatures vanquished.

Grand Total: 576 creatures vanquished

Notes
Turn   | Place    | Note
--------------------------------------------------------------
     0 | D:1      | Amnesiac the Merfolk Fighter began the quest for the Orb.
     0 | D:1      | Reached XP level 1. HP: 18/18 MP: 1/1
   202 | D:2      | Found an iron altar of Okawaru.
   221 | D:2      | Reached XP level 2. HP: 17/24 MP: 2/2
   475 | D:3      | Reached XP level 3. HP: 18/29 MP: 3/3
   655 | D:4      | Noticed a slave
   656 | D:4      | Noticed Pikel
   656 | D:4      | Noticed a slave
   657 | D:4      | Noticed a slave
   682 | D:4      | Found a sand-covered staircase.
   691 | Ossuary  | Entered an ossuary
   691 | Ossuary  | Noticed a wraith
   691 | Ossuary  | Noticed a wraith
   691 | Ossuary  | Noticed a wraith
   826 | Ossuary  | Reached skill level 5 in Short Blades
  1130 | Ossuary  | Reached XP level 4. HP: 35/35 MP: 4/4
  1407 | Ossuary  | Noticed a wraith
  1425 | Ossuary  | Killed a wraith
  1425 | Ossuary  | Reached XP level 5. HP: 41/41 MP: 5/5
  1425 | Ossuary  | Reached XP level 6. HP: 47/47 MP: 6/6
  2035 | D:4      | Reached skill level 1 in Dodging
  2127 | D:4      | Noticed Dowan
  2128 | D:4      | Noticed Duvessa
  2425 | D:4      | Noticed a slave
  2444 | D:4      | Noticed Robin
  2484 | D:4      | Killed a slave
  2494 | D:4      | Killed a slave
  2507 | D:4      | Killed Robin
  2668 | D:4      | Killed Pikel
  2668 | D:4      | Reached skill level 10 in Short Blades
  2668 | D:4      | Reached XP level 7. HP: 40/52 MP: 7/7
  2668 | D:4      | Reached XP level 8. HP: 45/58 MP: 8/8
  2685 | D:4      | Killed Duvessa
  2694 | D:4      | Killed Dowan
  2799 | D:4      | Reached skill level 5 in Dodging
  2896 | D:5      | Entered Level 5 of the Dungeon
  2906 | D:5      | Found Lafualie's Magic Scroll Shoppe.
  2977 | D:5      | Reached skill level 1 in Evocations
  3061 | D:5      | Reached skill level 2 in Evocations
  3098 | D:5      | Noticed Amnesiac's ghost (amateur MfFi)
  3427 | D:5      | Reached skill level 3 in Evocations
  3665 | D:5      | Reached skill level 4 in Evocations
  3676 | D:5      | Reached XP level 9. HP: 60/64 MP: 10/12
  3918 | D:6      | Reached skill level 5 in Evocations
  4085 | D:6      | Noticed Sigmund
  4096 | D:6      | Killed Sigmund
  4096 | D:6      | Reached skill level 6 in Evocations
  4121 | D:6      | Found a staircase to the Ecumenical Temple.
  4155 | Temple   | Entered the Ecumenical Temple
  4200 | Temple   | Became a worshipper of Pakellas the Inventive
  4366 | D:6      | Found a glowing drain.
  4377 | Sewer    | Entered a sewer
  4377 | Sewer    | Noticed Amnesiac's ghost (amateur DEFi)
  4383 | Sewer    | Killed Amnesiac's ghost
  4383 | Sewer    | Reached skill level 7 in Evocations
  4601 | Sewer    | Reached * piety under Pakellas
  4601 | Sewer    | Received a gift from Pakellas
  5074 | D:6      | Reached ** piety under Pakellas
  5074 | D:6      | Received a gift from Pakellas
  5074 | D:6      | Reached skill level 8 in Evocations
  6038 | D:1      | Reached skill level 5 in Fighting
  6741 | D:2      | Noticed Jessica
  6753 | D:2      | Killed Jessica
  7120 | D:2      | Noticed Crazy Yiuf
  7124 | D:2      | Killed Crazy Yiuf
  7356 | D:3      | Reached *** piety under Pakellas
  7356 | D:3      | Received a gift from Pakellas
  7982 | D:7      | Reached XP level 10. HP: 69/76 MP: 16/16
  8338 | D:7      | Reached **** piety under Pakellas
  8338 | D:7      | Received a gift from Pakellas
  8658 | D:7      | Reached skill level 9 in Evocations
  8685 | D:7      | Gained mutation: You possess an exceptional clarity of mind. [potion of mutation]
  8685 | D:7      | Gained mutation: You passively map a small area around you. [potion of mutation]
  8685 | D:7      | Gained mutation: You have sharp fingernails. [potion of mutation]
  9207 | D:8      | Noticed Erolcha
  9212 | D:8      | Killed Erolcha
  9212 | D:8      | Reached skill level 10 in Evocations
  9425 | D:8      | Reached ***** piety under Pakellas
  9425 | D:8      | Received a gift from Pakellas
  9665 | D:8      | Noticed Grum
  9700 | D:8      | Killed Grum
  9700 | D:8      | Reached skill level 11 in Evocations
  9871 | D:8      | Noticed Gastronok
 10271 | D:8      | Identified a +9 rod of inaccuracy (10/10) (Pakellas gifted it to you on level 8 of the Dungeon)
 10279 | D:8      | Killed Gastronok
 10279 | D:8      | Reached skill level 12 in Evocations
 10279 | D:8      | Reached XP level 11. HP: 81/81 MP: 19/20
 10289 | D:8      | Gained mutation: Your muscles are strong. (Str +2) [potion of beneficial mutation]
 10588 | D:9      | Found a burning altar of Makhleb.
 10817 | D:8      | Found a staircase to the Lair.
 10875 | D:9      | Noticed a cyclops
 10884 | D:9      | Killed a cyclops
 10987 | D:9      | Reached skill level 13 in Evocations
 11122 | D:9      | Found a staircase to the Orcish Mines.
 11158 | D:9      | Reached ****** piety under Pakellas
 11849 | Orc:1    | Entered Level 1 of the Orcish Mines
 11952 | Orc:2    | Entered Level 2 of the Orcish Mines
 12084 | Orc:2    | Found a roughly hewn altar of Beogh.
 12455 | Orc:1    | Noticed an orc sorcerer
 12466 | Orc:1    | Killed an orc sorcerer
 12638 | Orc:1    | Found Ytuudog's Antique Armour Emporium.
 12704 | Orc:1    | Noticed Snorg
 12732 | Orc:1    | Reached skill level 5 in Shields
 12737 | Orc:1    | Killed Snorg
 13373 | Orc:2    | Found a roughly hewn altar of Beogh.
 13424 | Orc:2    | Found Wisual's Gadget Shoppe.
 13461 | Orc:2    | Reached XP level 12. HP: 73/88 MP: 22/22
 13702 | Orc:2    | Noticed an orc high priest
 13729 | Orc:2    | Killed an orc high priest
 13734 | Orc:2    | Noticed an orc high priest
 13743 | Orc:2    | Killed an orc high priest
 13854 | Orc:2    | Noticed an orc warlord
 13873 | Orc:2    | Killed an orc warlord
 13956 | Orc:2    | Found Omibrok's Antique Armour Emporium.
 13967 | Orc:2    | Found a roughly hewn altar of Beogh.
 13970 | Orc:2    | Found Xeskizal's Antique Weapon Shoppe.
 14012 | Orc:2    | Found a roughly hewn altar of Beogh.
 14055 | Orc:2    | Found a roughly hewn altar of Beogh.
 14148 | Orc:2    | Noticed an orc high priest
 14152 | Orc:2    | Noticed a soul eater
 14324 | Orc:1    | Reached skill level 10 in Shields
 14443 | Orc:1    | Killed an orc high priest
 14720 | Orc:2    | Found a roughly hewn altar of Beogh.
 15064 | Orc:2    | Found a roughly hewn altar of Beogh.
 15065 | Orc:2    | Found Lawker's Antique Weapon Emporium.
 15097 | Orc:2    | Found a staircase to the Elven Halls.
 15143 | Orc:2    | Found a roughly hewn altar of Beogh.
 15211 | Orc:2    | Bought a pair of brightly glowing gloves for 209 gold pieces
 15218 | Orc:2    | Identified the +2 pair of gloves "Qeibid" {Slay+5} (You bought it in a shop on level 2 of the Orcish Mines)
 15318 | Orc:1    | Bought a dazzling scale mail for 288 gold pieces
 15328 | Orc:1    | Identified the +4 scale mail of Nexta {*Contam *Corrode rPois SInv} (You bought it in a shop on level 1 of the Orcish Mines)
 15410 | Orc:2    | Bought an ornate deck of wonders for 240 gold pieces
 15559 | Elf:1    | Entered Level 1 of the Elven Halls
 15739 | Elf:1    | Reached XP level 13. HP: 90/93 MP: 23/23
 15775 | Elf:1    | Reached skill level 14 in Evocations
 15784 | Elf:1    | Reached skill level 10 in Dodging
 15806 | Elf:1    | Noticed a deep elf demonologist
 15814 | Elf:1    | Killed a deep elf demonologist
 15838 | Elf:1    | Identified Faeh's Disquisition on Creative Battle Magic (You found it on level 1 of the Elven Halls)
 15842 | Elf:1    | Learned a level 1 spell: Summon Butterflies
 16225 | Elf:1    | Found Kocronnis's Gadget Boutique.
 16262 | Elf:1    | Bought a wand of disintegration (8/24) for 144 gold pieces
 16262 | Elf:1    | Bought a wand of enslavement (3/24) for 60 gold pieces
 16363 | Elf:1    | Noticed a deep elf sorcerer
 16374 | Elf:1    | Killed a deep elf sorcerer
 16969 | Elf:1    | Reached skill level 15 in Evocations
 17422 | Orc:2    | Reached XP level 14. HP: 92/100 MP: 15/25
 18304 | Elf:2    | Reached skill level 16 in Evocations
 18408 | Elf:2    | Found a runed gate.
 18409 | Elf:2    | Found a runed gate.
 18412 | Elf:2    | Found a runed gate.
 18617 | Elf:2    | HP: 1/100 [deep elf knight/shard of ice (45)]
 19080 | Elf:2    | Reached skill level 17 in Evocations
 19960 | Elf:2    | Noticed a deep elf blademaster
 19970 | Elf:2    | Killed a deep elf blademaster
 19970 | Elf:2    | Reached XP level 15. HP: 50/105 MP: 4/27
 19971 | Elf:2    | Reached skill level 18 in Evocations
 20486 | Elf:3    | Entered Level 3 of the Elven Halls
 20741 | Elf:3    | Killed from afar by a deep elf annihilator

Skill      XL: |  1  2  3  4  5  6  7  8  9 10 11 12 13 14 15 |
---------------+----------------------------------------------+-----
Short Blades   | 3 4 5 7 10 | 10.5
Dodging        | 1 6 8 13 | 13.0
Evocations     | 4 8 12 13 15 17 18 | 18.4
Fighting       | 6 |  6.0
Armour         | 3 |  3.0
Shields        | 6 11 | 11.0

Action                   |  1- 3 |  4- 6 |  7- 9 | 10-12 | 13-15 || total
-------------------------+-------+-------+-------+-------+-------++-------
Melee: Rapier            |   135 |    57 |    11 |       |       ||   203
       Unarmed           |       |    16 |       |       |       ||    16
       Dagger            |       |   181 |   700 |  1549 |   207 ||  2637
       Tailslap          |       |       |     3 |       |     1 ||     4
       Quick blade       |       |       |       |       |   146 ||   146
Invok: Quick Charge      |       |       |       |     3 |    11 ||    14
Evoke: Wand              |       |       |     8 |    36 |    67 ||   111
       Rod               |       |       |       |     4 |    24 ||    28
       Lamp of fire      |       |       |       |     1 |     1 ||     2
       Box of beasts     |       |       |       |       |     6 ||     6
       Sack of spiders   |       |       |       |       |     7 ||     7
  Use: Scroll            |     4 |       |    11 |     6 |     6 ||    27
       Potion            |       |     1 |       |     9 |    16 ||    26
 Stab: Paralysed         |       |       |     5 |    28 |     8 ||    41
       Invisible         |       |       |       |       |     4 ||     4
       Distracted        |       |       |       |       |     2 ||     2
  Eat: Beef jerky        |       |     1 |       |       |     4 ||     5
       Chunk             |       |     5 |    16 |    27 |     9 ||    57
       Fruit             |       |       |       |       |     1 ||     1
       Pizza             |       |       |       |       |     1 ||     1
Armor: Scale mail        |    42 |    50 |   103 |    35 |     5 ||   235
       Skin              |       |    10 |       |       |       ||    10
       Ring mail         |       |       |       |   218 |    41 ||   259
Dodge: Dodged            |    28 |    45 |   155 |   607 |   133 ||   968
Block: Shield            |    60 |    89 |   204 |   648 |   130 ||  1131
